 Dungeon Crawl Stone Soup version 0.23.1 (webtiles) character file.

Game seed: 9989461401230560808

15180 Revguard the Basher (level 12, -10/91 HPs)
             Began as a Human Fighter on Mar 11, 2019.
             Was an Elder of the Shining One.
             Killed by divine providence
             ... invoked by a meliai
              (13 damage)
             ... on level 14 of the Dungeon.
             The game lasted 00:50:03 (11938 turns).

Revguard the Basher (Human Fighter)                Turns: 11938, Time: 00:50:04

Health: -10/91     AC: 29    Str: 20    XL:     12   Next: 54%
Magic:  17/17      EV:  7    Int:  8    God:    the Shining One [****..]
Gold:   690        SH: 13    Dex: 18    Spells: 11/11 levels left

rFire    . . .     SeeInvis .   k - +1 flail (protect)
rCold    + . .     Gourm    .   c - +1 shield
rNeg     + + .     Faith    .   J - +1 plate armour {rC+}
rPois    +         Spirit   .   w - +0 helmet
rElec    .         Reflect  .   s - +0 cloak
rCorr    .         Harm     .   m - +0 pair of gloves
MR       .....                  F - +2 pair of boots {Stlth+}
Stlth    ..........             (no amulet)
HPRegen  0.25/turn              a - +3 ring of dexterity
MPRegen  0.15/turn              o - ring of poison resistance

@: protection aura, glowing
A: no striking features
a: Divine Shield, Cleansing Flame, Renounce Religion


You were on level 14 of the Dungeon.
You worshipped the Shining One.
The Shining One was greatly pleased with you.
You were very hungry.

You visited 2 branches of the dungeon, and saw 14 of its levels.
You also visited: Ossuary.

You collected 690 gold pieces.

Inventory:

Hand Weapons
 k - a +1 flail of protection (weapon)
 r - a +1 mace of holy wrath
 t - a +0 morningstar
Missiles
 A - 3 tomahawks of dispersal (quivered)
Armour
 c - a +1 shield (worn)
 m - a +0 pair of gloves (worn)
 s - a +0 cloak (worn)
 w - a +0 helmet (worn)
 F - a +2 pair of boots of stealth (worn)
 J - a +1 plate armour of cold resistance (worn)
Jewellery
 a - a +3 ring of dexterity (left hand)
 o - a ring of poison resistance (right hand)
Wands
 H - a wand of paralysis (3)
 I - a wand of iceblast (8)
Scrolls
 b - 5 scrolls of remove curse
 e - 4 scrolls of enchant armour
 h - 4 scrolls of teleportation
 n - a scroll of blinking
 p - 2 scrolls of magic mapping
 y - 4 scrolls of immolation
 z - a scroll of noise
 E - 2 scrolls of fear
 K - a scroll of enchant weapon
Potions
 d - 5 potions of might
 g - 4 potions of invisibility
 i - 3 potions of agility
 j - 3 potions of lignification
 l - 5 potions of mutation
 q - 12 potions of degeneration
 u - a potion of resistance
 v - a potion of heal wounds
 x - 5 potions of curing
 C - a potion of haste
 D - 2 potions of brilliance
 G - a potion of ambrosia
Comestibles
 f - 19 rations


   Skills:
 + Level 7.3 Fighting
 + Level 11.5 Maces & Flails
 + Level 8.3 Armour
 + Level 2.6 Dodging
 + Level 10.7 Shields
 + Level 6.7 Invocations


You had 11 spell levels left.
You didn't know any spells.
Your spell library contained the following spells:

 Spells                   Type           Power        Failure   Level  Hunger
 Animate Skeleton         Necr           N/A          100%        1    ##.....
 Pain                     Necr           #...         100%        1    ##.....
 Summon Small Mammal      Summ           #...         100%        1    ##.....
 Call Imp                 Summ           #.......     100%        2    ###....
 Call Canine Familiar     Summ           #.......     100%        3    ####...
 Regeneration             Chrm/Necr      #.........   100%        3    ####...
 Summon Guardian Golem    Hex/Summ       #.......     100%        3    ####...
 Vampiric Draining        Necr           #.........   100%        3    ####...
 Animate Dead             Necr           N/A          100%        4    #####..
 Summon Ice Beast         Ice/Summ       #.......     100%        4    #####..
 Summon Lightning Spire   Summ/Air       #.......     100%        4    #####..
 Bolt of Magma            Conj/Fire/Erth #.........   100%        5    ######.
 Iskenderun's Battlesphe  Conj/Chrm      #.......     100%        5    ######.
 Venom Bolt               Conj/Pois      #.........   100%        5    ######.
 Iron Shot                Conj/Erth      #.........   100%        6    #######
 Orb of Destruction       Conj           #.........   100%        7    #######
 Spellforged Servitor     Conj/Summ      #.........   100%        7    #######


Dungeon Overview and Level Annotations

Branches:
Dungeon (12/15)            Temple (1/1) D:6            Lair (0/6) D:8
    Orc (0/2) D:9

Altars:
Ashenzari
Cheibriados
Dithmenos
Elyvilon
Fedhas
Gozag
Hepliaklqana
Kikubaaqudgha
Makhleb
Nemelex Xobeh
Okawaru
Qazlal
Ru
Sif Muna
Trog
Uskayaw
Vehumet
Wu Jian
Xom
Yredelemnul
Zin
The Shining One
Beogh

Shops:
D:5 (   D:7 (   D:11 *


Message History

The meliai closely misses you. The meliai stings you.
You sock the meliai!
The meliai is severely wounded.
The meliai mumbles some strange prayers to its god against you.
Something smites you!
The meliai mumbles some strange prayers to its god against you.
Something smites you!
The meliai mumbles some strange prayers to its god against you.
Something smites you!
* * * LOW HITPOINT WARNING * * *
You fail to use your ability.
The meliai invokes the aid of its god against you.
Something smites you!
* * * LOW HITPOINT WARNING * * *
The meliai calls upon its god to heal the meliai.
The meliai is healed somewhat.
The meliai hits you but does no damage.
The meliai stings you but does no damage.
The meliai calls down the wrath of its god upon you.
Something smites you!
You die...

#....#...##......#######
#....#.....)######......
#....#......#...........
######......#...........
#......#...########
#......#'####
#..##.......#
#...........#
#.......###@# #.......#
#y# #..<....# #y#
#........


Qyn ......... ... ....##..###... #... #.... You could see a tengu warrior, a
necrophage and 3 meliai.

Vanquished Creatures
  A centaur warrior (D:9)
  3 two-headed ogres
  An unseen horror (D:10)
  A cyclops (D:8)
  A manticore (D:14)
  Psyche (D:8)
  A tengu conjurer (D:14)
  2 trolls (D:11)
  A hornet (D:9)
  A queen bee (D:9)
  The ghost of SharpKris the Grasshopper, an amateur GnWr (D:4)
  2 polar bears (D:12)
  Grinder (D:4)
  5 wyverns
  A vampire (D:11)
  2 hungry ghosts
  A steam dragon (D:8)
  Edmund (D:4)
  8 orc warriors
  2 ice beasts
  4 sky beasts
  4 black bears
  A necrophage (D:10)
  6 ogres
  3 centaurs
  A phantom (D:5)
  A crocodile (D:8)
  A big kobold (D:9)
  7 bullfrogs
  7 scorpions
  28 killer bees
  5 wights
  7 crimson imps
  3 hounds
  Crazy Yiuf (D:2)
  3 centaur zombies
  3 quasits
  A human zombie (Ossuary)
  2 bullfrog skeletons
  13 orc priests
  4 jellies
  16 orc wizards
  2 centaur skeletons
  An iguana (D:4)
  Natasha (twice) (D:3)
  4 worker ants
  A hound zombie (D:5)
  2 hound skeletons
  4 mummies (Ossuary)
  8 gnolls
  15 adders
  A shadow imp (D:8)
  A white imp (D:12)
  3 oozes
  2 adder skeletons (D:5)
  An adder zombie (D:9)
  2 worms (D:2)
  4 dart slugs
  4 leopard geckos
  54 orcs
  4 ball pythons
  4 giant cockroaches
  14 goblins
  5 hobgoblins
  21 jackals
  10 kobolds
  5 quokkas
  A ball python skeleton (D:4)
  5 bats
  6 frilled lizards
  2 gnoll zombies (Ossuary)
  A hobgoblin zombie (Ossuary)
  A kobold zombie (Ossuary)
  3 leopard gecko skeletons
  2 orc zombies (Ossuary)
  A quokka skeleton (D:4)
  8 rats
362 creatures vanquished.

Vanquished Creatures (others)
  Pikel (D:8)
1 creature vanquished.

Grand Total: 363 creatures vanquished

Notes
Turn   | Place    | Note
-------+----------+-------------------------------------------
     0 | D:1      | Revguard the Human Fighter began the quest for the Orb.
     0 | D:1      | Reached XP level 1. HP: 18/18 MP: 1/1
    95 | D:1      | Reached XP level 2. HP: 22/24 MP: 2/2
   329 | D:1      | Reached XP level 3. HP: 21/29 MP: 3/3
   534 | D:2      | Reached XP level 4. HP: 32/35 MP: 4/4
   595 | D:2      | Reached skill level 3 in Maces & Flails
   864 | D:2      | Reached XP level 5. HP: 21/41 MP: 5/5
  1366 | D:2      | Found a stormy altar of Qazlal.
  1415 | D:2      | Found a hazy altar of Hepliaklqana.
  1515 | D:2      | Found a runed translucent door.
  1516 | D:2      | Noticed Crazy Yiuf
  1538 | D:2      | Killed Crazy Yiuf
  1765 | D:2      | Found a shattered altar of Ashenzari.
  1930 | D:3      | Found a glowing silver altar of Zin.
  2088 | D:3      | Reached skill level 1 in Dodging
  2095 | D:3      | Reached XP level 6. HP: 44/47 MP: 6/6
  2238 | D:3      | Found a glowing golden altar of the Shining One.
  2252 | D:3      | Became a worshipper of the Shining One
  2293 | D:3      | Found a shadowy altar of Dithmenos.
  2326 | D:3      | Found a snail-covered altar of Cheibriados.
  2327 | D:3      | Found a radiant altar of Vehumet.
  2484 | D:3      | Noticed Natasha
  2493 | D:3      | Killed Natasha
  2556 | D:3      | Noticed Natasha
  2563 | D:3      | Killed Natasha
  2898 | D:4      | Reached skill level 1 in Invocations
  2914 | D:4      | Found a runed translucent gate.
  2915 | D:4      | Found a runed translucent gate.
  2915 | D:4      | Found a runed translucent gate.
  2918 | D:4      | Noticed SharpKris's ghost (amateur GnWr)
  2920 | D:4      | Noticed an ogre
  2949 | D:4      | Killed an ogre
  2949 | D:4      | Reached skill level 4 in Maces & Flails
  2949 | D:4      | Reached XP level 7. HP: 40/53 MP: 8/8
  3042 | D:4      | Found a shimmering altar of Xom.
  3225 | D:4      | Reached * piety under the Shining One
  3367 | D:4      | Noticed Grinder
  3373 | D:4      | Paralysed by Grinder for 6 turns
  3385 | D:4      | Killed Grinder
  3385 | D:4      | Reached skill level 5 in Maces & Flails
  3385 | D:4      | Reached XP level 8. HP: 22/60 MP: 9/9
  3763 | D:4      | Noticed Edmund
  3791 | D:4      | Killed Edmund
  3846 | D:4      | Found a burning altar of Makhleb.
  4019 | D:4      | Killed SharpKris's ghost
  4019 | D:4      | Reached skill level 5 in Armour
  4019 | D:4      | Reached skill level 5 in Shields
  4056 | D:5      | Entered Level 5 of the Dungeon
  4060 | D:5      | Reached skill level 6 in Maces & Flails
  4142 | D:5      | Found a sand-covered staircase.
  4147 | Ossuary  | Entered an ossuary
  4253 | Ossuary  | Reached ** piety under the Shining One
  4453 | D:5      | Found Vudeizex's Antique Weapon Shop.
  4467 | D:5      | Reached XP level 9. HP: 65/66 MP: 11/11
  4836 | D:6      | Reached skill level 7 in Maces & Flails
  5026 | D:6      | Found an ancient bone altar of Kikubaaqudgha.
  5046 | D:6      | Reached *** piety under the Shining One
  5235 | D:6      | Reached skill level 5 in Invocations
  5466 | D:6      | Found a staircase to the Ecumenical Temple.
  5496 | Temple   | Entered the Ecumenical Temple
  6289 | D:6      | Identified the +5 hand axe of Vaitet {pain, *Rage Int+2
                  | Dex+8}
  6321 | D:6      | Reached skill level 5 in Fighting
  6339 | D:6      | Reached XP level 10. HP: 53/74 MP: 14/14
  6445 | D:6      | Reached skill level 8 in Maces & Flails
  6451 | D:6      | Found a bloodstained altar of Trog.
  7059 | D:7      | Reached **** piety under the Shining One
  7508 | D:7      | Found Ethryla's Weapon Shop.
  7938 | D:8      | Noticed a cyclops
  7951 | D:8      | Killed a cyclops
  7951 | D:8      | Reached skill level 9 in Maces & Flails
  8279 | D:8      | Noticed Pikel
  8293 | D:8      | Killed Pikel
  8293 | D:8      | Reached XP level 11. HP: 66/81 MP: 15/15
  8321 | D:8      | Found a staircase to the Lair.
  8540 | D:8      | Noticed Psyche
  8628 | D:8      | Killed Psyche
  8703 | D:8      | Identified a scroll of acquirement
  8873 | D:9      | Found a roughly hewn altar of Beogh.
  8873 | D:9      | Found a staircase to the Orcish Mines.
  8879 | D:9      | Reached skill level 10 in Maces & Flails
  8988 | D:9      | Found a sparkling altar of Nemelex Xobeh.
  9116 | D:9      | Noticed a centaur warrior
  9136 | D:9      | Killed a centaur warrior
  9571 | D:9      | Found a glowing silver altar of Zin.
  9572 | D:9      | Noticed an angel
  9970 | D:10     | Entered Level 10 of the Dungeon
 10365 | D:10     | Noticed a two-headed ogre
 10377 | D:10     | Killed a two-headed ogre
 10527 | D:10     | Noticed an unseen horror
 10551 | D:10     | Killed an unseen horror
 10551 | D:10     | Reached XP level 12. HP: 71/89 MP: 17/17
 10723 | D:11     | Reached skill level 10 in Shields
 10792 | D:11     | Noticed a two-headed ogre
 10811 | D:11     | Killed a two-headed ogre
 10811 | D:11     | Reached skill level 11 in Maces & Flails
 10823 | D:11     | Noticed a two-headed ogre
 10839 | D:11     | Killed a two-headed ogre
 10914 | D:11     | Found a burning altar of Makhleb.
 11251 | D:11     | Noticed an angel
 11253 | D:11     | Found a glowing golden altar of the Shining One.
 11255 | D:11     | Found Utilyka's Hallowed Reliquary.
 11818 | D:12     | You fall through a shaft for 2 floors!
 11843 | D:14     | Found a stormy altar of Qazlal.
 11929 | D:14     | Noticed a tengu warrior
 11938 | D:14     | HP: 3/91 [meliai/divine providence (12)]
 11938 | D:14     | Killed from afar by a meliai

Skill      XL: |  1  2  3  4  5  6  7  8  9 10 11 12 |
---------------+-------------------------------------+-----
Maces & Flails | 3 4 5 6 7 9 10 11 | 11.5
Dodging        | 1 2 |  2.6
Shields        | 4 5 6 8 9 10 | 10.7
Armour         | 4 5 6 7 8 |  8.3
Invocations    | 1 2 3 5 6 |  6.7
Fighting       | 4 5 6 7 |  7.3

Action                   |  1- 3 |  4- 6 |  7- 9 | 10-12 || total
-------------------------+-------+-------+-------+-------++-------
Melee: Mace              |    84 |   240 |   386 |   123 ||   833
       Flail             |     3 |       |     7 |   701 ||   711
       Whip              |       |    32 |       |       ||    32
Throw: Tomahawk          |       |       |     2 |       ||     2
Invok: Cleansing Flame   |       |       |       |     8 ||     8
       Divine Shield     |       |       |       |     1 ||     1
  Use: Scroll            |       |     9 |     3 |    18 ||    30
       Potion            |       |     1 |     4 |     6 ||    11
  Eat: Chunk             |       |     7 |    11 |    16 ||    34
       Ration            |       |       |       |     2 ||     2
Armor: Scale mail        |    46 |    13 |       |       ||    59
       Chain mail        |       |   141 |   175 |       ||   316
       Skin              |       |       |     1 |       ||     1
       Plate armour      |       |       |    54 |   616 ||   670
Dodge: Dodged            |    24 |    69 |   109 |   295 ||   497
Block: Shield            |    49 |   172 |   283 |   773 ||  1277
